[Event "*** Titled Tuesday Blitz"]
[Site "Chess.com"]
[Date "2020.05.19"]
[Round "4"]
[White "ketster"]
[Black "Hasangatin_Ramil"]
[Result "0-1"]
[WhiteElo "2361"]
[BlackElo "2586"]
[TimeControl "180+1"]
[EndTime "12:40:19 PDT"]
[Termination "Hasangatin_Ramil won by resignation"]

1. d4 d6 2. c4 e5 3. Nc3 exd4 4. Qxd4 Nc6 5. Qd2 Nf6 6. b3 Be6 7. Bb2 d5 8. cxd5 Nxd5 9. O-O-O Bb4 10. e4 Nxc3 11.
Bxc3 Qxd2+ 12. Bxd2 O-O-O 13. Nf3 Bg4 14. Be2 Bxd2+ 15.
Rxd2 Rxd2 16. Kxd2 Rd8+ 17. Kc3 Ne5 18. Nxe5 Bxe2 19.
Re1 Bb5 20. f4 f6 21. Nf3 c5 22. e5 fxe5 23. Rxe5 b6 24. Re7 Rd7 25. Rxd7 Kxd7 26. Ne5+ Ke6 27. g4 g5 28. a4 gxf4 29. Nf3 Be2 30. Ng5+ Ke5 31. Nxh7 Bxg4 32. Ng5 f3 33. Kd3 f2 0-1

[Event "*** Titled Tuesday Blitz"]
[Site "Chess.com"]
[Date "2020.05.19"]
[Round "4"]
[White "realmadridtv"]
[Black "vaishali2001"]
[Result "1-0"]
[WhiteElo "2481"]
[BlackElo "2623"]
[TimeControl "180+1"]
[EndTime "12:40:20 PDT"]
[Termination "realmadridtv won by resignation"]

1. d4 Nf6 2. c4 c5 3. d5 b5 4.
cxb5 a6 5. bxa6 g6 6. Nc3 Bxa6 7. Nf3 Bg7 8. e4 Bxf1 9. Kxf1 O-O 10. g3 d6 11. Kg2 Nbd7 12. a4 Qa5 13. Qe2 Rfb8 14. Re1 Ne8 15. Ra3 Rb4 16. Nd2 Bxc3 17. bxc3 Rxa4 18. Rxa4 Qxa4 19. c4 Rb8 20. Nf3 f6 21.
h4 Rb4 22. h5 Rxc4 23. hxg6 hxg6 24. Nh4 Ne5 25. Bf4 Qc2 26. Qe3 Qd3 27. Bxe5 Qxe3 28. Rxe3 dxe5 29. Nxg6 Kf7 30. Nh4 Nd6 31. f3 Rc2+ 32.
Kh3 c4 33. f4 Rd2 34. fxe5 fxe5 35. Nf3 Kf6 36. Nxd2 Nf7 37. Kg4 e6 38. Nxc4 exd5 39. exd5 e4 40. Rxe4 Kg7 41. Re7 Kg6 42. Rxf7 Kh6 43.
Kf5 1-0

[Event "*** Titled Tuesday Blitz"]
[Site "Chess.com"]
[Date "2020.05.19"]
[Round "4"]
[White "MrChampion_Coach"]
[Black "Kavyev_Ruslan"]
[Result "1-0"]
[WhiteElo "2307"]
[BlackElo "2448"]
[TimeControl "180+1"]
[EndTime "12:40:20 PDT"]
[Termination "MrChampion_Coach won by checkmate"]

1. e4 c5 2. Nf3 d6 3. Nc3 Nf6 4. d4 cxd4 5. Nxd4 a6 6. Bc4 e6 7. Bb3 b5 8. O-O Be7 9. Qf3 Qc7 10. a3 O-O 11. Qg3 Re8 12. Bh6 Bf8 13. Bg5 Be7 14.
Rae1 Bd7 15. Kh1 Nc6 16. Nxc6 Bxc6 17. Re2 Rad8 18. Rfe1 Qb7 19. f3 a5 20. Bh6 Bf8 21.
Bg5 Be7 22. Bh6 g6 23. e5 Nh5 24. Qg4 dxe5 25. Rxe5 Bf6 26. Rxh5 a4 27. Ba2 Qd7 28. Rc5 Bb7 29. Qf4 Bd4 30. Rc7 e5 31. Qf6 e4 32.
Rxd7 Bxf6 33. Rxd8 Rxd8 34. Nxe4 Bxb2 35. h4 Bxa3 36.
Nf6+ Kh8 37. Bxf7 b4 38. Re7 b3 39. Ne8 Bxe7 40. Bg7# 1-0

[Event "*** Titled Tuesday Blitz"]
[Site "Chess.com"]
[Date "2020.05.19"]
[Round "4"]
[White "RubensCezila"]
[Black "PawnEatingZombie"]
[Result "1-0"]
[WhiteElo "2445"]
[BlackElo "2254"]
[TimeControl "180+1"]
[EndTime "12:40:20 PDT"]
[Termination "RubensCezila won by resignation"]

1. c4 e6 2. Nc3 d5 3. e3 Nf6 4.
Nf3 Bd6 5. b3 b6 6. g3 Bb7 7.
Bg2 a6 8. O-O O-O 9. Bb2 Nbd7 10. d4 Qe7 11. Rc1 Rfd8 12. Qe2 Rac8 13. Rfd1 dxc4 14. bxc4 c5 15. d5 exd5 16. Nh4 g6 17.
cxd5 b5 18. a3 Nb6 19. e4 Nc4 20. f4 Bxf4 21. gxf4 Nxd5 22. Nxd5 Bxd5 23. Nf3 Bxe4 24. Rxd8+ Rxd8 25. Rxc4 bxc4 26. Ng5 f5 27. Qxc4+ Kf8 28. Ne6+ Ke8 29. Nxd8 Qxd8 30. Bxe4 Qd1+ 31. Qf1 Qxf1+ 32.
Kxf1 fxe4 33. Ke2 Ke7 34. Ke3 Ke6 35. Kxe4 1-0

[Event "*** Titled Tuesday Blitz"]
[Site "Chess.com"]
[Date "2020.05.19"]
[Round "4"]
[White "Mugzyyy"]
[Black "Paladin61"]
[Result "1-0"]
[WhiteElo "2494"]
[BlackElo "2637"]
[TimeControl "180+1"]
[EndTime "12:40:21 PDT"]
[Termination "Mugzyyy won by checkmate"]

1. d4 Nf6 2. Bf4 g6 3. Nc3 d5 4. e3 c6 5. h4 h5 6. Be2 Bg7 7. Nf3 Bg4 8. Ne5 Bxe2 9. Qxe2 Nbd7 10. f3 Nxe5 11. Bxe5 Qb6 12. O-O-O O-O-O 13. g4 Ne8 14. g5 Bxe5 15. dxe5 Ng7 16. Rd3 Nf5 17. Qd2 e6 18. Rd1 Nxh4 19. e4 dxe4 20. fxe4 Nf3 21. Qf4 Rxd3 22. Rxd3 Qg1+ 23. Nd1 Nxg5 24. Rg3 Qe1 25. Qxg5 Rd8 26. Rd3 Rxd3 27. cxd3 h4 28. Qe3 Qg3 29. Kd2 Qg2+ 30. Nf2 Qh2 31. d4 c5 32. Ke2 cxd4 33. Qxd4 Kc7 34. Qd6+ Kc8 35. Qf8+ Kc7 36. Qxf7+ Kd8 37. Qf8+ Kd7 38. Qd6+ Kc8 39. Qxe6+ Kc7 40. Qe7+ Kc8 41. e6 Qg3 42. Qd7+ Kb8 43. Qd8# 1-0

[Event "*** Titled Tuesday Blitz"]
[Site "Chess.com"]
[Date "2020.05.19"]
[Round "4"]
[White "The_Chess_Coach"]
[Black "Xtrmntr78"]
[Result "1-0"]
[WhiteElo "2147"]
[BlackElo "2361"]
[TimeControl "180+1"]
[EndTime "12:40:22 PDT"]
[Termination "The_Chess_Coach won on time"]

1. d4 f5 2. e4 fxe4 3. Nc3 Nf6 4. Bg5 Nc6 5. Bc4 e6 6. f3 d5 7. Bb5 Bd7 8. fxe4 dxe4 9. Nxe4 Be7 10. Nc3 O-O 11. Nf3 Ng4 12. Bxe7 Qxe7 13. Qe2 a6 14. Bc4 b5 15. Bb3 Na5 16. O-O Nxb3 17. axb3 Bc6 18. d5 Qc5+ 19. Kh1 Bxd5 20. h3 Ne3 21. Rfe1 Nf5 22.
Qe5 Qc6 23. Nxd5 exd5 24. Rad1 Qxc2 25. Qxd5+ Kh8 26. Ng5 Nh6 27. Rf1 Qg6 28. Rxf8+ Rxf8 29. Ne6 Rg8 30. Qd7 Nf5 31. Nd8 1-0

[Event "*** Titled Tuesday Blitz"]
[Site "Chess.com"]
[Date "2020.05.19"]
[Round "4"]
[White "RestartingChess"]
[Black "ViktoriyaTarasova"]
[Result "1-0"]
[WhiteElo "2559"]
[BlackElo "2278"]
[TimeControl "180+1"]
[EndTime "12:40:23 PDT"]
[Termination "RestartingChess won by resignation"]

1. e4 e5 2. Nf3 Nc6 3. Bc4 Bc5 4. c3 Nf6 5. O-O d6 6. d4 Bb6 7. Bg5 Qe7 8. b4 a6 9. a4 h6 10. Bh4 g5 11. Bg3 Nxe4 12. dxe5 dxe5 13. Re1 Nxg3 14. hxg3 Bg4 15. Nbd2 O-O 16. b5 axb5 17. axb5 Bxf3 18. Nxf3 Rxa1 19. Qxa1 Na5 20. Rxe5 Qf6 21. Re4 Qf5 22. Qe1 Nxc4 23. Rxc4 Rd8 24. Qe5 Qxe5 25. Nxe5 Rd5 26. Ng4 Kg7 27. Rb4 Rd1+ 28. Kh2 h5 29. Ne3 Rd2 30. Nc4 Rxf2 31. Nxb6 cxb6 32. Rd4 Rb2 33. Rd5 Kf6 34. Rd6+ Kf5 35. Rxb6 Kg4 36. Rxb7 f5 37. c4 f4 38. gxf4 gxf4 39. Rf7 Rc2 40. Rg7+ Kh4 41. Rf7 Rxc4 42. Rxf4+ Rxf4 43. g3+ Kg4 44. gxf4 Kxf4 45.
b6 Kf3 46. b7 1-0

[Event "*** Titled Tuesday Blitz"]
[Site "Chess.com"]
[Date "2020.05.19"]
[Round "4"]
[White "elohunter1999"]
[Black "Andreikka"]
[Result "1-0"]
[WhiteElo "2556"]
[BlackElo "2944"]
[TimeControl "180+1"]
[EndTime "12:40:24 PDT"]
[Termination "elohunter1999 won by resignation"]

1. e4 d5 2. exd5 Qxd5 3. Nc3 Qa5 4. d4 Nf6 5. Nf3 c6 6. Bc4 Bf5 7. Bd2 e6 8. Nd5 Qd8 9. Nxf6+ gxf6 10. Bb3 Nd7 11.
Qe2 a5 12. a3 a4 13. Ba2 Bxc2 14. O-O Be7 15. Bh6 Qb6 16. Qxc2 f5 17. Rad1 Rg8 18.
Ne5 Nxe5 19. dxe5 Ra5 20. Rfe1 Qc7 21. Qd2 Rg4 22. h3 Rg6 23. Bf4 Ra8 24. Qc3 Kf8 25.
Rd3 Rd8 26. Red1 Rxd3 27. Qxd3 Qb6 28. Qd4 Qa5 29. Bd2 Qa8 30. Bb4 Bxb4 31. Qxb4+ Kg7 32. Rd7 c5 33. Qxb7 Qa5 34. Rxf7+ Kg8 35. Rd7 Qe1+ 36. Kh2 Qxe5+ 37. g3 Kh8 38. Rxh7+ 1-0

[Event "*** Titled Tuesday Blitz"]
[Site "Chess.com"]
[Date "2020.05.19"]
[Round "4"]
[White "KuzubovYuriy"]
[Black "Sanyura"]
[Result "1-0"]
[WhiteElo "2701"]
[BlackElo "2492"]
[TimeControl "180+1"]
[EndTime "12:40:24 PDT"]
[Termination "KuzubovYuriy won on time"]

1. d4 Nf6 2. c4 c5 3. d5 b5 4. cxb5 a6 5. b6 Qxb6 6. Nc3 g6 7. Nf3 Bg7 8. e4 O-O 9. Nd2 e6 10. Nc4 Qd8 11. Bg5 exd5 12. Nxd5 Bb7 13. Bxf6 Bxf6 14. Nxf6+ Qxf6 15. Qd6 Qh4 16. Nd2 Re8 17. O-O-O Nc6 18. g3 Qh5 19. Bc4 Ne5 20. Rhe1 Nxc4 21. Nxc4 Bxe4 22. Qxd7 Qf3 23. Nd6 Bc6 24. Rxe8+ Rxe8 25.
Qc7 Re6 26. Nc4 Qe4 27. Ne3 1-0

[Event "*** Titled Tuesday Blitz"]
[Site "Chess.com"]
[Date "2020.05.19"]
[Round "4"]
[White "harkerchess"]
[Black "IwkooO"]
[Result "0-1"]
[WhiteElo "2076"]
[BlackElo "2550"]
[TimeControl "180+1"]
[EndTime "12:40:24 PDT"]
[Termination "IwkooO won by checkmate"]

1. d4 Nf6 2. Bg5 e6 3. e4 h6 4. Bxf6 Qxf6 5. c3 d5 6. e5 Qd8 7.
Bd3 c5 8. Nd2 Nc6 9. Ne2 Qb6 10.
Nf3 Qxb2 11. O-O Be7 12. Qa4 Qb6 13. Rab1 Qc7 14. Rb5 Bd7 15. Qd1 c4 16. Bc2 Nxe5 17. Nxe5 Bxb5 18. Qb1 Bd7 19. Bg6 O-O 20. Bh7+ Kh8 21.
Nf4 Be8 22. h4 Bxh4 23. Bc2 Bf6 24. Neg6+ fxg6 25. Nxe6 Qe7 26. Nxf8 Qxf8 27. Qxb7 Bf7 28. Rb1 a5 29. Ba4 Rd8 30. Bc6 Bg5 31. Rb5 Bf4 32.
Rxa5 Rb8 33. Qd7 Rb1# 0-1

[Event "*** Titled Tuesday Blitz"]
[Site "Chess.com"]
[Date "2020.05.19"]
[Round "4"]
[White "BernardoRoselli"]
[Black "agrigo3"]
[Result "1-0"]
[WhiteElo "2451"]
[BlackElo "2276"]
[TimeControl "180+1"]
[EndTime "12:40:24 PDT"]
[Termination "BernardoRoselli won on time"]

1. e4 d6 2. d4 Nf6 3. Nc3 g6 4. Nf3 Bg7 5. Be3 c6 6. a4 Nbd7 7. h3 e5 8. dxe5 dxe5 9. Bc4 Qe7 10. O-O O-O 11. a5 Nh5 12. Qd2 Nc5 13. Rfd1 Ne6 14. Qd6 Qxd6 15. Rxd6 Re8 16. Rad1 Bf8 17. R6d2 Bg7 18.
Ng5 Nxg5 19. Bxg5 Nf4 20. Rd8 Be6 21. Rxe8+ Rxe8 22. Bxe6 Nxe6 23. Be3 Nd4 24. Rd2 Kf8 25. Na4 Ke7 26. c3 Nb3 27. Rd1 Ra8 28. Nc5 Nxc5 29. Bxc5+ Ke8 30. b4 Bf6 31. Kf1 Be7 32. Be3 f5 33. f3 a6 34. Bb6 Bd8 35. exf5 Bxb6 36. axb6 gxf5 37. Re1 Kf7 38. Rxe5 Kf6 39. Re3 Rd8 40.
Ke2 Rd5 41. Rd3 Rb5 42. Rd7 Rxb6 43. Rxh7 Rb5 44. g4 b6 45. Rh6+ Kg5 46. Rh5+ Kg6 47. Rxf5 Rxf5 48. gxf5+ Kxf5 49. h4 Kf4 50. Kd3 Kf5 51. c4 a5 52. bxa5 bxa5 53. c5 Ke5 54.
Kc4 Kf5 55. Kb3 Kg6 56. f4 Kh5 57. f5 Kh6 58. Ka4 1-0

[Event "*** Titled Tuesday Blitz"]
[Site "Chess.com"]
[Date "2020.05.19"]
[Round "4"]
[White "MrTattaglia"]
[Black "Off-War"]
[Result "1-0"]
[WhiteElo "3030"]
[BlackElo "2745"]
[TimeControl "180+1"]
[EndTime "12:40:25 PDT"]
[Termination "MrTattaglia won by resignation"]

1. Nf3 d5 2. c4 d4 3. b4 f6 4. e3 e5 5. c5 a5 6. Qa4+ Bd7 7. b5 Bxc5 8. Bc4 Ne7 9. O-O c6 10. exd4 exd4 11. Re1 cxb5 12. Bxb5 Bxb5 13. Qxb5+ Nd7 14. Ba3 b6 15. Nxd4 Bxd4 16. Bxe7 Qxe7 17. Rxe7+ Kxe7 18. Nc3 Bxc3 19. dxc3 Rhe8 20. Rd1 Rad8 21. h3 g6 22.
f4 f5 23. Qc6 Nc5 24. Rxd8 Rxd8 25. Qxb6 Ne6 26. Qxa5 h5 27. a4 Rd7 28. Qe5 Rd6 29.
a5 Kd7 30. Qb5+ Rc6 31. Qd5+ Rd6 32. Qb7+ Nc7 33. c4 Ra6 34. Qb2 Rc6 35. Qd4+ Kc8 36. Kh2 Kb7 37. Kg3 Ka6 38. Qc3 Nd5 39. Qf3 Nb4 40. Qb3 Kxa5 41. Qa3+ 1-0

[Event "*** Titled Tuesday Blitz"]
[Site "Chess.com"]
[Date "2020.05.19"]
[Round "4"]
[White "Vegan4future"]
[Black "EnergeticHay"]
[Result "1-0"]
[WhiteElo "2388"]
[BlackElo "2157"]
[TimeControl "180+1"]
[EndTime "12:40:25 PDT"]
[Termination "Vegan4future won by resignation"]

1. e4 c5 2. Nf3 d6 3. Bb5+ Nd7 4.
O-O Nf6 5. Re1 a6 6. Bd3 b5 7. c4 Qb6 8. Nc3 b4 9. Nd5 Qd8 10. Qa4 e6 11. e5 dxe5 12. Nxe5 Bd6 13. Nc6 Nb6 14. Nxd8+ Nxa4 15. Nxf6+ gxf6 16. Be4 Ra7 17. Nc6 Rc7 18. Na5 Bd7 19. b3 Nb6 20. Bb2 Ke7 21.
d4 h6 22. Nb7 Rb8 23. Nxd6 Kxd6 24. dxc5+ Rxc5 25. Bxf6 Bc6 26. Rad1+ Kc7 27. Be7 Bxe4 28. Bxc5 Bc2 29. Bd6+ Kb7 30. Bxb8 Bxd1 31. Bd6 Bc2 32. Bxb4 Kc6 33. Bd2 Nd7 34. Bxh6 Nc5 35. Be3 Nd3 36. Rf1 Nb4 37. h4 Nxa2 38. h5 Bxb3 39. h6 Bc2 40.
Ra1 Nb4 41. Bd2 Nd3 42. h7 1-0

[Event "*** Titled Tuesday Blitz"]
[Site "Chess.com"]
[Date "2020.05.19"]
[Round "4"]
[White "ChadBiryani"]
[Black "Luibov_AN"]
[Result "0-1"]
[WhiteElo "2292"]
[BlackElo "2078"]
[TimeControl "180+1"]
[EndTime "12:40:25 PDT"]
[Termination "Luibov_AN won on time"]

1. b3 Nf6 2. Bb2 c5 3. c4 Nc6 4.
Nf3 g6 5. d4 cxd4 6. Nxd4 Bg7 7.
e3 O-O 8. Nd2 d6 9. Be2 a6 10.
O-O e5 11. Nxc6 bxc6 12. Bf3 Bb7 13. Qe2 Qe7 14. Rad1 Rfe8 15. g3 d5 16. Bg2 Rad8 17.
Nb1 h6 18. Qc2 e4 19. Ba3 Qe5 20. Nc3 Qh5 21. Na4 Ng4 22. h3 Ne5 23. Kh2 Bc8 24.
Rh1 Nf3+ 25. Bxf3 exf3 26. Kg1 Bxh3 27. cxd5 cxd5 28. Nc5 Qg4 29. Nd3 Bg2 30. Rh4 Qf5 31. Qd2 g5 32. Rh2 d4 33. exd4 Rxd4 34. Qc2 Red8 35.
Rf1 Rxd3 0-1

[Event "*** Titled Tuesday Blitz"]
[Site "Chess.com"]
[Date "2020.05.19"]
[Round "4"]
[White "novocane"]
[Black "canary2016"]
[Result "1-0"]
[WhiteElo "2221"]
[BlackElo "1945"]
[TimeControl "180+1"]
[EndTime "12:40:25 PDT"]
[Termination "novocane won by checkmate"]

1. d4 d5 2. c4 c6 3. cxd5 cxd5 4. Bf4 Nf6 5. Nc3 Nc6 6. e3 Bf5 7. Qb3 Qd7 8. Nf3 e6 9. Bb5 Bd6 10. Ne5 Bxe5 11. Bxe5 Ne4 12. Nxe4 Bxe4 13. f3 f6 14. fxe4 fxe5 15. exd5 Qxd5 16. Rc1 exd4 17. Rxc6 bxc6 18. Qxd5 exd5 19. Bxc6+ Ke7 20. Bxa8 Rxa8 21. exd4 Rb8 22. b3 Rb4 23. Ke2 Rxd4 24. Rc1 Kd7 25. Rc2 a5 26. Rc5 Re4+ 27. Kf3 Rd4 28. Rxa5 Ke7 29. Ra6 Rd2 30. b4 d4 31. b5 d3 32. a4 Rd1 33. b6 d2 34. Ke2 Rg1 35. Kxd2 Rxg2+ 36. Ke3 Rxh2 37. a5 Rh3+ 38. Ke4 Rh5 39. b7 Rb5 40. Rb6 Rxa5 41. b8=Q Ra4+ 42. Rb4 Ra1 43. Qe5+ Kf7 44. Rb7+ Kg6 45. Rb6+ Kf7 46. Qc7+ Kg8 47. Rb8# 1-0

[Event "*** Titled Tuesday Blitz"]
[Site "Chess.com"]
[Date "2020.05.19"]
[Round "4"]
[White "jucAxx"]
[Black "Berant"]
[Result "1-0"]
[WhiteElo "2091"]
[BlackElo "2280"]
[TimeControl "180+1"]
[EndTime "12:40:26 PDT"]
[Termination "jucAxx won by resignation"]

1. e4 c5 2. c3 Nf6 3. e5 Nd5 4. d4 cxd4 5. Nf3 d6 6. cxd4 Nc6 7. Bc4 dxe5 8. dxe5 Nb6 9. Qxd8+ Nxd8 10. Bb3 Be6 11. Nbd2 Bxb3 12. Nxb3 e6 13. Be3 Bb4+ 14. Ke2 Nc6 15. a3 Be7 16. Rac1 O-O 17. Nbd4 Nxd4+ 18. Nxd4 Rac8 19. Nb5 a6 20. Bxb6 axb5 21. Rhd1 Bg5 22. Rxc8 Rxc8 23. Be3 Bxe3 24. Kxe3 g6 25. Rd7 Rc2 26.
b4 Rc3+ 27. Ke2 b6 28. Rd6 Rxa3 29. Rxb6 Ra2+ 30. Ke3 Ra3+ 31. Kf4 Ra2 32. Kg3 Re2 33. f3 Rxe5 34. Kf4 Rd5 35. Ke4 Kg7 36. g4 h5 37. h3 h4 38. Rb7 Kf6 39. f4 g5 40.
fxg5+ Rxg5 41. Kf4 Rd5 42. Ke4 Re5+ 43. Kf4 Rd5 44. Ke4 Kg6 45. Rb8 f5+ 46. gxf5+ Rxf5 47. Rg8+ Kf6 48. Rh8 Re5+ 49. Kd4 Rd5+ 50. Ke4 Rd1 51. Rxh4 Rb1 52. Ke3 Rb3+ 53. Kd2 Kg5 54. Re4 Kf5 55. Rh4 e5 56. Kc2 Rg3 57. Rh8 Ke4 58. h4 Kd4 59. h5 Rg2+ 60. Kb3 Rg3+ 61. Kb2 Kc4 62. Re8 Rg2+ 63. Kc1 Rg5 64. h6 Kxb4 65. h7 Kc3 66. Rc8+ Kb3 67. h8=Q Rg1+ 68. Kd2 Rg2+ 69. Ke3 1-0

[Event "*** Titled Tuesday Blitz"]
[Site "Chess.com"]
[Date "2020.05.19"]
[Round "4"]
[White "rpragchess"]
[Black "MarcoRiehle"]
[Result "1-0"]
[WhiteElo "2834"]
[BlackElo "2642"]
[TimeControl "180+1"]
[EndTime "12:40:27 PDT"]
[Termination "rpragchess won by resignation"]

1. d4 d5 2. Bf4 e6 3. Be3 Nf6 4. Nf3 Bd6 5. Bg5 O-O 6. Nbd2 c5 7. e4 dxe4 8. Nxe4 Be7 9. Bxf6 Bxf6 10. Bd3 cxd4 11.
h4 Nc6 12. Nfg5 h6 13. Qh5 Ne5 14. Kf1 Nxd3 15. cxd3 e5 16. g4 Bd7 17. Nf3 Bc6 18.
g5 g6 19. Nxf6+ Qxf6 20. gxf6 gxh5 21. Rg1+ Kh7 22. Rg7+ Kh8 23. Nxe5 Bd5 24. Rc1 Rae8 25.
f4 Rg8 26. Rg1 Rxg1+ 27. Kxg1 Re6 28. Rc8+ Kh7 29. Nd7 Rc6 30. Nf8+ Kg8 31. Rd8 Rc1+ 32. Kf2 Rc2+ 33. Ke1 Bc6 34. f5 1-0

[Event "*** Titled Tuesday Blitz"]
[Site "Chess.com"]
[Date "2020.05.19"]
[Round "4"]
[White "Stormeman100100"]
[Black "Novoselski"]
[Result "1-0"]
[WhiteElo "2548"]
[BlackElo "2319"]
[TimeControl "180+1"]
[EndTime "12:40:27 PDT"]
[Termination "Stormeman100100 won by resignation"]

1. e4 e5 2. Nf3 Nc6 3. Bc4 Bc5 4. c3 Qe7 5. O-O Nf6 6. d4 Bb6 7. dxe5 Nxe5 8. Nxe5 Qxe5 9. Nd2 O-O 10. Qe2 d6 11. Kh1 Bg4 12. f3 Bh5 13. Bd3 d5 14. exd5 Qxe2 15. Bxe2 Nxd5 16. Nc4 c6 17. Nxb6 axb6 18.
Bd3 Bg6 19. Bxg6 hxg6 20. Bd2 Rfd8 21. c4 Ne7 22. Be3 c5 23. a3 Nf5 24. Bf2 Rd3 25. Rad1 Rad8 26. Rxd3 Rxd3 27. g4 Nd6 28. Kg2 Nxc4 29.
Re1 Kf8 30. Re2 Rb3 31. Re4 Nxb2 32. Bg3 Rd3 33. Be5 f6 34. Bc7 c4 35. Bxb6 c3 36.
Bc5+ Kf7 37. Re7+ Kg8 38. Re8+ Kh7 39. Rc8 Rd2+ 40. Kg3 Nd1 41. Bb4 Rd3 42. Rc7 g5 43.
Bf8 Ne3 44. Bxg7 Kg8 45. Bxf6 c2 46. Bxg5 Nf1+ 47. Kf2 Rd1 48. Rc8+ Kf7 49. Rxc2 Ke6 50. Bf4 1-0

[Event "*** Titled Tuesday Blitz"]
[Site "Chess.com"]
[Date "2020.05.19"]
[Round "4"]
[White "AleksibFan"]
[Black "Emolas-2020"]
[Result "0-1"]
[WhiteElo "2478"]
[BlackElo "2421"]
[TimeControl "180+1"]
[EndTime "12:40:27 PDT"]
[Termination "Emolas-2020 won on time"]

1. d4 Nf6 2. Bg5 e6 3. Nf3 h6 4.
Bf4 c5 5. e3 Nd5 6. Bg3 cxd4 7.
exd4 b5 8. c3 a6 9. Nbd2 Nc6 10.
a4 b4 11. c4 Nf6 12. d5 exd5 13. cxd5 Nxd5 14. Ne4 Nc7 15. Bc4 Ne6 16. O-O Be7 17.
Nd6+ Kf8 18. Re1 a5 19. Nf5 Ba6 20. Bd5 Rc8 21. Nxe7 Nxe7 22. Bd6 Kg8 23. Ne5 Nxd5 24. Qxd5 Qg5 25. Rad1 Kh7 26. g3 Rhe8 27. Qe4+ f5 0-1

[Event "*** Titled Tuesday Blitz"]
[Site "Chess.com"]
[Date "2020.05.19"]
[Round "4"]
[White "ORS1984"]
[Black "Chuchofrio1"]
[Result "1-0"]
[WhiteElo "2451"]
[BlackElo "2257"]
[TimeControl "180+1"]
[EndTime "12:40:27 PDT"]
[Termination "ORS1984 won by resignation"]

1. e4 c5 2. Nf3 Nc6 3. d4 cxd4 4. Nxd4 Nf6 5. Nc3 e5 6. Ndb5 d6 7. Bg5 a6 8. Na3 b5 9. Nd5 Be7 10. Bxf6 Bxf6 11. c4 b4 12. Nc2 O-O 13. Be2 Bg5 14. O-O a5 15. Qd3 Be6 16. Rfd1 Qb8 17. Nde3 Rd8 18.
h3 g6 19. Bg4 Qa7 20. Nd5 Ne7 21. Nce3 Rf8 22. a3 bxa3 23. Rxa3 Qc5 24. Rda1 Nc6 25. Nc7 Bxe3 26. Qxe3 Qxe3 27. fxe3 Bxg4 28. Nxa8 Be2 29. Nb6 Rb8 30. Na4 Bxc4 31. Rc1 Bb5 32. Nc3 Bd3 33. Nd5 Nb4 34. Nxb4 axb4 35. Rxd3 Ra8 36. Rxd6 Ra2 37. Rd2 b3 38. Rf2 Ra4 39. Rc7 f6 40. Rxf6 Rxe4 41. Rff7 Rxe3 42. Rg7+ Kf8 43. Rxh7 Kg8 44. Rcg7+ Kf8 45.
Rb7 Kg8 46. Rhc7 Re1+ 47. Kh2 Rf1 48. Rb8+ Rf8 49. Rxf8+ Kxf8 50. Rb7 e4 51. Rxb3 e3 52. Rxe3 1-0

[Event "*** Titled Tuesday Blitz"]
[Site "Chess.com"]
[Date "2020.05.19"]
[Round "4"]
[White "GasconJR"]
[Black "memer5334"]
[Result "0-1"]
[WhiteElo "2399"]
[BlackElo "2224"]
[TimeControl "180+1"]
[EndTime "12:40:27 PDT"]
[Termination "memer5334 won on time"]

1. d4 d5 2. c4 c6 3. Nf3 Nf6 4. Nc3 e6 5. g3 Nbd7 6. Bg2 Bd6 7.
O-O O-O 8. Nd2 Re8 9. e4 dxe4 10. Ndxe4 Be7 11. Re1 Nxe4 12. Nxe4 Nf6 13. Nc3 Bf8 14. Bf4 Bd7 15. Rb1 a5 16. a3 Rc8 17. b4 axb4 18. axb4 b5 19. c5 Ra8 20. Bg5 Be7 21.
Bf4 Nd5 22. Bd2 Bf6 23. Ne2 e5 24. dxe5 Bxe5 25. Qb3 Be6 26. Qc2 Qd7 27. Nc3 Bf5 28. Ne4 Nf6 29. Nxf6+ Bxf6 30. Rxe8+ Rxe8 0-1

[Event "*** Titled Tuesday Blitz"]
[Site "Chess.com"]
[Date "2020.05.19"]
[Round "4"]
[White "GMHess"]
[Black "valeriocarnicelli"]
[Result "1-0"]
[WhiteElo "2812"]
[BlackElo "2553"]
[TimeControl "180+1"]
[EndTime "12:40:28 PDT"]
[Termination "GMHess won on time"]

1. d4 Nf6 2. c4 g6 3. Nc3 Bg7 4. e4 d6 5. f3 O-O 6. Nge2 Nbd7 7. Be3 c6 8. Qd2 a6 9. g4 b5 10. h4 h5 11. g5 Ne8 12. f4 Nb6 13. b3 bxc4 14.
f5 gxf5 15. Ng3 f4 16. Bxf4 Bg4 17. bxc4 c5 18. Be3 Rc8 19. Nf5 cxd4 20. Bxd4 Nxc4 21. Bxc4 Rxc4 22. Bxg7 Nxg7 23. Nh6+ Kh8 24. O-O Qb6+ 25. Kh1 Qa5 26. Nxf7+ Rxf7 27. g6 Rxf1+ 28. Rxf1 Nf5 29. Rxf5 1-0

[Event "*** Titled Tuesday Blitz"]
[Site "Chess.com"]
[Date "2020.05.19"]
[Round "4"]
[White "svilson23"]
[Black "Andro2"]
[Result "0-1"]
[WhiteElo "2223"]
[BlackElo "2420"]
[TimeControl "180+1"]
[EndTime "12:40:28 PDT"]
[Termination "Andro2 won by resignation"]

1. d4 Nf6 2. Bg5 e6 3. e4 c5 4.
d5 Qb6 5. Nc3 Qxb2 6. Bd2 Qb6 7.
f4 d6 8. Rb1 Qd8 9. Nf3 exd5 10.
exd5 Be7 11. Bd3 O-O 12. O-O a6 13. a4 Nbd7 14. Kh1 Nb6 15. Ng5 h6 16. a5 Nbxd5 17.
Nxd5 Nxd5 18. Nxf7 Rxf7 19. Bc4 Nf6 20. Bxf7+ Kxf7 21. c4 Qc7 22. f5 Bd7 23. Qf3 Bc6 24. Qg3 Kf8 25. Rbe1 Re8 26. Qg6 Bd8 27. Bxh6 gxh6 28. Rxe8+ Bxe8 29. Qxh6+ Qg7 30. Qf4 Qe7 31. g4 Bc6+ 32.
Kg1 Qe5 33. Qxe5 dxe5 34. g5 Ne4 35. g6 Bg5 36. Re1 Kg7 37. Kg2 Nd6+ 38. Kg3 Bf6 39. Kg4 Bd7 40. Rf1 Nxf5 41. Rxf5 Kxg6 0-1

[Event "*** Titled Tuesday Blitz"]
[Site "Chess.com"]
[Date "2020.05.19"]
[Round "4"]
[White "kuli4ik"]
[Black "FMVolodymyrSakun"]
[Result "1-0"]
[WhiteElo "2790"]
[BlackElo "2486"]
[TimeControl "180+1"]
[EndTime "12:40:30 PDT"]
[Termination "kuli4ik won by resignation"]

1. Nf3 Nf6 2. g3 g6 3. b3 Bg7 4. Bb2 O-O 5. Bg2 d6 6. d4 Nc6 7.
O-O e5 8. dxe5 Ng4 9. Qd2 dxe5 10. Rd1 Bf5 11. h3 Nh6 12. g4 Qxd2 13. Nbxd2 Bc8 14. Nc4 e4 15. Bxg7 Kxg7 16. Nd4 Nxd4 17. Rxd4 f5 18. gxf5 gxf5 19. f3 exf3 20. Bxf3 Nf7 21. Kf2 Kf6 22. Rh4 Rh8 23. Bd5 Ne5 24. Rg1 Ng6 25. Rh6 Kg7 26. Rh5 Rd8 27. Bf3 Rf8 28. Rhg5 Kf6 29. Rh5 Kg7 30. Ne5 Re8 31. Nxg6 hxg6 32.
Rhg5 Re6 33. h4 Kf7 34. h5 gxh5 35. Rxf5+ Ke7 36. Rg7+ Ke8 37. Bxh5+ 1-0

[Event "*** Titled Tuesday Blitz"]
[Site "Chess.com"]
[Date "2020.05.19"]
[Round "4"]
[White "czasnaszachy"]
[Black "XDPS"]
[Result "1-0"]
[WhiteElo "2365"]
[BlackElo "2667"]
[TimeControl "180+1"]
[EndTime "12:40:30 PDT"]
[Termination "czasnaszachy won by checkmate"]

1. d4 d5 2. c4 e6 3. Nf3 Nf6 4. Nc3 c6 5. e3 Nbd7 6. Qc2 Bd6 7. b3 O-O 8. Bb2 b6 9. Be2 Bb7 10. O-O Qe7 11. Rac1 Rac8 12. Rfd1 Rfe8 13. Qb1 Ba3 14. Bxa3 Qxa3 15. cxd5 exd5 16. Bd3 Qd6 17. b4 g6 18.
a3 Re7 19. Qc2 Rce8 20. Qb3 Kg7 21. a4 Ne4 22. Bxe4 dxe4 23. Nd2 Qb8 24. b5 c5 25. Nc4 cxd4 26. Rxd4 Nc5 27. Qb2 Kg8 28. Rcd1 Nd3 29. Qa3 Rc7 30. Nd6 Rd8 31. Ncxe4 Bxe4 32. Nxe4 Rxd4 33.
exd4 Nf4 34. Qd6 Ne6 35. d5 Nf8 36. Nf6+ Kg7 37. Qe5 Kh6 38. Ng4# 1-0

[Event "*** Titled Tuesday Blitz"]
[Site "Chess.com"]
[Date "2020.05.19"]
[Round "4"]
[White "aNaartjieZA"]
[Black "Bacyanide"]
[Result "0-1"]
[WhiteElo "2575"]
[BlackElo "2434"]
[TimeControl "180+1"]
[EndTime "12:40:31 PDT"]
[Termination "Bacyanide won by resignation"]

1. e4 c6 2. d3 d5 3. Nd2 g6 4. Ngf3 Bg7 5. g3 e6 6. Bg2 Ne7 7. O-O O-O 8. Re1 c5 9. e5 Nbc6 10. Nf1 b5 11. h4 Nd4 12. N1h2 Nec6 13. Bf4 Nxf3+ 14. Nxf3 a5 15. h5 b4 16. Qd2 Ba6 17.
Bg5 Qc7 18. Bf6 h6 19. Bxg7 Kxg7 20. Qf4 Qe7 21. Qg4 g5 22. a3 b3 23. c4 dxc4 24. dxc4 Rad8 25. Nxg5 Qxg5 26. Qxg5+ hxg5 27. Bxc6 Rd2 28. Rab1 Bxc4 29. Rbc1 Bd3 30. Be4 Bxe4 31. Rxe4 Rxb2 32.
Rxc5 Rd2 33. Rb5 b2 34. Re1 Rc8 35. Kf1 Rc1 36. a4 Rdc2 37. Rxb2 Rxe1+ 0-1